 Dungeon Crawl Stone Soup version 0.29.0-13-gc9e81de378 (console) character file.

Game seed: 398815613957208538

25 odiv the Firebug (level 2, 0/23 HPs)
             Began as a Demonspawn Wanderer on Sept 10, 2022.
             Was a High Priest of Ignis.
             Slain by Natasha (3 damage)
             ... on level 2 of the Dungeon.
             The game lasted 00:02:45 (1278 turns).

odiv the Firebug (Demonspawn Wanderer)              Turns: 1278, Time: 00:02:46

Health: 0/23       AC:  4    Str: 15    XL:     2   Next: 82%
Magic:  3/3        EV: 11    Int: 13    God:    Ignis [*****.]
Gold:   46         SH:  0    Dex:  9    Spells: 3/3 levels left

rFire   + . .      SeeInvis .   a - +0 club
rCold   . . .      Faith    .   (no shield)
rNeg    . . .      Spirit   .   c - +0 leather armour
rPois   .          Reflect  .   (no helmet)
rElec   .          Harm     .   (no cloak)
rCorr   .          Rampage  .   (no gloves)
Will    .....                   f - +0 pair of boots
Stlth   +.........              (no amulet)
HPRegen 0.07/turn               (no ring)
MPRegen 0.08/turn               (no ring)

@: no status effects
A: ignite blood 1
a: Renounce Religion, Fiery Armour, Foxfire Swarm, Rising Flame


You were on level 2 of the Dungeon.
You worshipped Ignis.
Ignis was extremely pleased with you.
You visited 1 branch of the dungeon, and saw 2 of its levels.

You collected 46 gold pieces.

Inventory:

Hand Weapons
 a - a +0 club (weapon)
 l - a +0 hand axe
Missiles
 g - 18 stones (quivered)
 k - 2 javelins
Armour
 c - a +0 leather armour (worn)
 f - a +0 pair of boots (worn)
Magical Staves
 m - a staff of air
Scrolls
 b - a scroll of summoning
 d - a scroll of teleportation
 i - a scroll of enchant weapon {unknown}
 j - a scroll of identify {unknown}
 n - a scroll of enchant armour {unknown}
Potions
 h - a potion of degeneration {unknown}


   Skills:
 + Level 2.9 Fighting
 - Level 1.0 Spellcasting
 - Level 3.6 Fire Magic
 - Level 2.0 Poison Magic
 - Level 2.0 Evocations


You had 3 spell levels left.
You didn't know any spells.
Your spell library contained the following spells:

 Spells                   Type           Power      Damage    Failure   Level
 Foxfire                  Conj/Fire      20%        2x1d5     17%         1
 Sting                    Tmut/Pois      12%        1d3       22%         1
 Sandblast                Erth           0%         2d4       34%         1
 Ignite Poison            Fire/Tmut/Pois 5%         N/A       43%         3
 Ensorcelled Hibernation  Hex/Ice        0%         N/A       45%         2
 Passwall                 Tmut/Erth      0%         N/A       45%         2
 Inner Flame              Hex/Fire       5%         N/A       45%         3
 Mephitic Cloud           Conj/Pois/Air  2%         N/A       63%         3
 Stone Arrow              Conj/Erth      0%         3d7       71%         3
 Swiftness                Air            0%         N/A       71%         3


Dungeon Overview and Level Annotations

Branches:
Dungeon (2/15)

Altars:
Ignis

Annotations:
D:2 Natasha


Innate Abilities, Weirdness & Mutations

Your demonic aura sometimes causes spilled blood to erupt in flames.


Message History

You see here a bat corpse.
n - a scroll labelled YWOKLU WIDU You open the door.
Found an escape hatch in the floor.
Found a stone staircase leading up.
You now have 46 gold pieces (gained 8).
There is a stone staircase leading up here.
Natasha, Servant of Life and Death comes into view.
You closely miss Natasha. Natasha claws you but does no damage.
You barely miss Natasha. Natasha claws you.
Throw: throwing net
Press: ? - help, Q - select action, (/) - cycle Shift-Dir - straight line, f - Natasha
Aim: Natasha (45% to hit)
You throw a throwing net. The throwing net hits Natasha.
Natasha is caught in the net!
Natasha stares at you and mumbles some strange words.
The magic dart hits you!
Natasha struggles against the net.
You hit Natasha.
Natasha is lightly wounded.
Natasha casts a spell at you. The magic dart hits you!
* * * LOW HITPOINT WARNING * * *
Natasha struggles against the net.
You hit Natasha.
Natasha is moderately wounded.
You hit Natasha.
Natasha is heavily wounded.
Natasha struggles against the net.
Natasha casts a spell.
Natasha struggles against the net.
You hit Natasha.
Natasha is heavily wounded.
You hit Natasha.
Natasha is severely wounded.
Natasha struggles against the net.
The net rips apart, and Natasha comes free!
Natasha claws you but does no damage.
You hit Natasha.
Natasha is almost dead.
Natasha claws you.
You die...

#......##.....#......#......#
######.#########.....#.†<...#
...........# #.....#......#
#...######.### #.....#......#
#. #...# #######......#
###.## #....... #..# #.......
##.# #....... #@# #.......
#.h5...# #....... ######...


You could see Natasha and a white imp (summoned).

Vanquished Creatures
  An endoplasm (D:1)
  A giant cockroach (D:1)
  2 goblins (D:1)
  3 hobgoblins (D:1)
  4 jackals (D:1)
  3 kobolds (D:1)
  3 ball pythons (D:1)
  2 bats
  A frilled lizard (D:1)
  3 rats (D:1)
23 creatures vanquished.

Vanquished Creatures (others)
  3 fungi (D:1)
  4 plants (D:1)
7 creatures vanquished.

Grand Total: 30 creatures vanquished

Notes
Turn   | Place    | Note
-------+----------+-------------------------------------------
     0 | D:1      | odiv the Demonspawn Wanderer began the quest for the Orb.
     0 | D:1      | odiv set off with the following items: a +0 club, a scroll
                  | of summoning, a +0 leather armour, a scroll of
                  | teleportation; and the following spells available to
                  | memorise: Foxfire, Sting, Ignite Poison, Inner Flame,
                  | Mephitic Cloud.
     0 | D:1      | Reached XP level 1. HP: 15/15 MP: 2/2
    86 | D:1      | Gained mutation: Your demonic aura sometimes causes spilled
                  | blood to erupt in flames. [demonic ancestry]
    86 | D:1      | Reached XP level 2. HP: 4/22 MP: 3/3
   487 | D:1      | Found a faded altar of an unknown god.
   649 | D:1      | Prayed at the altar of an unknown god.
   649 | D:1      | Became a worshipper of Ignis, the Dying Flame
  1269 | D:2      | Noticed Natasha
  1278 | D:2      | Slain by Natasha

Illustrated notes

Levels and vault maps discovered:
D:1:      psy_arrival_wood_between_worlds, layout_basic,
          shapermc_ecumenical_altar_mp_ritualfount, grunt_decor_cap
D:2:      layout_basic, uniq_terence, uniq_natasha

Skill      XL: |  1 |
---------------+----+-----
Fighting       | 2 |  2.9
Spellcasting   | |  1.0
Fire Magic     | |  3.6
Poison Magic   | |  2.0
Evocations     | |  2.0

Action                   || total
-------------------------++-------
Melee: Club              ||   102
       Punch             ||     1
Throw: Throwing net      ||     3
Armor: Leather armour    ||    32
Dodge: Dodged            ||    73
